cohdb
Replays
Latest Replays
All Replays
Popular Replays
Top Player Replays
Match Explorer
How It Works
Community
CoH3 Stats
Reddit
Sign in to upload your games and track your stats! →
Sign in with Steam
Match 40846196
Unlisted
Match 40846196
Overview
Messages
Build Orders
End
Selects Luftwaffe Battlegroup
Selects Luftwaffe Pioneer Support
Fallschirmpioneer Squad Paradrop
Construct Infanterie Kompanie
MG 42 Machine Gun Team
Grenadier Squad
GrW 34 Mortar Team
Selects Flak 38 Anti-Air Emplacement
Construct Panzergrenadier Kompanie
Selects Stuka Strafing Run
Pak 40 Anti-tank Gun Team
Stuka Strafing Run
251 Medium Carrier
Selects Fallschirmjäger Squad Paradrop
Stuka Strafing Run
Fallschirmjäger Squad Paradrop
MG 42 Machine Gun Team
Stuka Strafing Run
Stuka Strafing Run
Construct Panzer Kompanie
Selects Fragmentation Bombs
Panzer IV Medium Tank
Fragmentation Bombs
ZyAcroQC
Unsafe
. Noskillz
$kaffa soldier
Dan Cooper
Johnny_Utah
TacticalVanguard
BazookaJoe
0
0
Comments
sign in to comment!
No comments posted yet!